 Dungeon Crawl Stone Soup version bcrawl-1.40.1 (webtiles) character file.

Game seed: 9172536987153373103

13982517 Artagas the Wrestler (level 27, 244/244 (245) HPs)
             Began as a Mummy Martial Artist on Oct 27, 2023.
             Was the Champion of Wu Jian.
             Escaped with the Orb
             ... and 3 runes on Oct 29, 2023!
             The game lasted 04:14:21 (70451 turns).

Artagas the Wrestler (Mummy Martial Artist)        Turns: 70451, Time: 04:14:21

HP:   244/244 (245) AC: 44    Str: 24    XL:     27
MP:   32/32         EV: 11    Int: 14    God:    Wu Jian [******]
Gold: 6004          SH: 32    Dex: 19    Spells: 26/30 levels left

rFire    + . .     GDR:     41%   - Fists (59.3)
rCold    + + +     SeeInvis +   x - +18 shield of the Gong {rElec rN+ MR+ EV-5}
rNeg     + + +     Gourm    .   J - +14 plate armour "Bemo Uca" {rElec rF+ Str-3}
rPois    ∞         Faith    .   p - +0 hat "Zuezol" {Regen+ SInv}
rElec    +         Spirit   +   d - +4 dragonskin cloak
rCorr    .         Reflect  .   I - +2 pair of gloves "Irot Donoah" {rN+ MR+ Regen+ Slay-4 SInv}
MR       +++++     Clarity  +   T - +2 pair of boots {run}
Stlth    ..........             r - amulet of Kiwk {Spirit rC+ MR++ Slay+3}
HPRegen  1.30/turn              f - ring of protection from fire
MPRegen  0.23/turn              C - ring of Coronong {rElec rC+ Str+2 Int+3 Dex+4}

@: studying 2 skills, quick
A: no food or potions, fire vulnerability, clarity, cold resistance 1, negative
energy resistance 3, torment resistance, unbreathing, strong hexes 1
0: Orb of Zot
}: 3/15 runes: decaying, barnacled, silver
a: Wall Jump, Serpent's Lash, Heavenly Storm, Renounce Religion


You escaped.
You worshipped Wu Jian.
Wu Jian was exalted by your worship.
You were not hungry.

You visited 10 branches of the dungeon, and saw 43 of its levels.
You also visited: Wizlab.

You collected 12402 gold pieces.
You spent 6398 gold pieces at shops.

Inventory:

Hand Weapons
 a - a +0 blowgun
   (You found it on level 9 of the Dungeon)
Missiles
 i - 1385 javelins (quivered)
 y - 54 needles of frenzy {=f}
 G - 1515 poisoned tomahawks
 O - 10 throwing nets {=f}
Armour
 d - the +4 dragonskin cloak (worn)
   (You took it off Tiamat on level 2 of the Realm of Zot)
 p - the +0 hat "Zuezol" (worn) {Regen+ SInv}
   (You found it on level 3 of the Elven Halls)

   It lets you see invisible.
   It increases your rate of regeneration.
 q - the scarf of the Sneaky Tales {+Inv, rF- rC++ Str+6}
   (You bought it in a shop on level 7 of the Dungeon)

   It affects your strength (+6).
   It makes you vulnerable to fire.
   It greatly protects you from cold.
 x - the +18 shield of the Gong (worn) {rElec rN+ MR+ EV-5}
   (You found it on level 1 of the Depths)

   It affects your evasion (-5).
   It insulates you from electricity.
   It protects you from negative energy.
   It affects your resistance to hostile enchantments.
 I - the +2 pair of gloves "Irot Donoah" (worn) {rN+ MR+ Regen+ Slay-4 SInv}
   (You found it on level 3 of the Depths)

   It affects your accuracy and damage with ranged weapons and melee attacks
   (-4).
   It protects you from negative energy.
   It affects your resistance to hostile enchantments.
   It lets you see invisible.
   It increases your rate of regeneration.
 J - the +14 plate armour "Bemo Uca" (worn) {rElec rF+ Str-3}
   (You bought it in a shop on level 1 of the Shoals)

   It affects your strength (-3).
   It protects you from fire.
   It insulates you from electricity.
 L - a scarf of resistance
   (You found it on level 3 of the Lair of Beasts)
 P - a scarf of clouds
   (You found it on level 6 of the Lair of Beasts)
 T - a +2 pair of boots of running (worn)
   (You acquired it on level 7 of the Dungeon)
Jewellery
 f - a ring of protection from fire (left hand)
   (You found it on level 1 of the Depths)
 k - an uncursed ring of resist corrosion
   (You found it on level 9 of the Dungeon)
 r - the amulet of Kiwk (around neck) {Spirit rC+ MR++ Slay+3}
   (You acquired it on level 3 of the Swamp)

   [amulet of guardian spirit]

   It causes incoming damage to be split between your health and magic.
   It affects your accuracy and damage with ranged weapons and melee attacks
   (+3).
   It protects you from cold.
   It affects your resistance to hostile enchantments.
 s - an uncursed ring of protection from fire
   (You found it on level 5 of the Depths)
 C - the ring of Coronong (right hand) {rElec rC+ Str+2 Int+3 Dex+4}
   (You took it off a deep elf high priest on level 3 of the Depths)

   [ring of protection from cold]

   It affects your strength (+2).
   It affects your intelligence (+3).
   It affects your dexterity (+4).
   It protects you from cold.
   It insulates you from electricity.
 N - an uncursed ring of flight
   (You found it on level 3 of the Elven Halls)
 Q - the ring "Imau" {rC++ rN+ MR+ Str-3 Int+2}
   (You found it on level 2 of the Crypt)

   [ring of positive energy]

   It affects your strength (-3).
   It affects your intelligence (+2).
   It greatly protects you from cold.
   It protects you from negative energy.
   It affects your resistance to hostile enchantments.
 R - the ring of Qunounim {Ice +Blink}
   (You took it off a spriggan druid on level 1 of the Swamp)

   [ring of ice]

   It enhances your ice magic.
   It makes you vulnerable to fire.
   It protects you from cold.
   It lets you blink.
 X - the ring of the Blind Eye {rC+ rN+ MP+9}
   (You found it on level 2 of the Crypt)

   [ring of positive energy]

   It protects you from cold.
   It protects you from negative energy.
   It affects your magic capacity (+9).
Wands
 e - a wand of disintegration (32)
   (You found it on level 1 of the Crypt)
 n - a wand of iceblast (45)
   (You bought it in a shop on level 4 of the Dungeon)
 o - a wand of charming (31)
   (You found it on level 5 of the Dungeon)
 v - a wand of digging (49)
   (You found it on level 8 of the Dungeon)
 D - a wand of acid (19)
   (You found it on level 9 of the Dungeon)
 E - a wand of paralysis (34)
   (You found it on level 1 of the Lair of Beasts)
 U - a wand of clouds (9)
   (You found it on level 3 of the Swamp)
 Z - a wand of scattershot (9)
   (You found it on level 2 of the Depths)
Scrolls
 b - 5 scrolls of silence
 h - 6 scrolls of fear
 j - 4 scrolls of revelation
 m - 4 scrolls of vulnerability
 t - 15 scrolls of teleportation
 w - 22 scrolls of remove curse
 z - 6 scrolls of blinking
 F - 7 scrolls of fog
 K - 4 scrolls of immolation
 M - 9 scrolls of noise
 Y - a scroll of summoning
Miscellaneous
 g - a lightning rod (4/4)
   (You found it on level 3 of the Elven Halls)
 l - a phial of floods
   (You found it on level 1 of the Elven Halls)
 A - a lamp of fire
   (You found it on level 2 of the Lair of Beasts)
 H - a fan of gales (2/2)
   (You found it on level 3 of the Elven Halls)
 S - a box of beasts
 V - a sack of spiders
   (You found it on level 3 of the Elven Halls)
 W - 2 phantom mirrors


   Skills:
 - Level 26.0 Fighting
 - Level 16.0 Armour
 - Level 16.2 Dodging
 - Level 1.1 Stealth
 - Level 14.0 Shields
 + Level 26.8 Unarmed Combat
 - Level 2.0 Spellcasting
 - Level 5.0 Hexes
 - Level 12.0 Evocations


You had 26 spell levels left.
You knew the following spells:

 Your Spells              Type           Power        Failure   Level  Hunger
a - Confusing Touch       Hex            ###.....     67%         1    N/A
b - Shackle               Hex            ###.....     80%         2    N/A
c - Corona                Hex            ###....      67%         1    N/A

Your spell library contained the following spells:

 Spells                   Type           Power        Failure   Level  Hunger
 Magic Dart               Conj           #...         100%        1    N/A
 Necrotize                Necr           #.....       100%        1    N/A
 Static Discharge         Air            #.....       100%        1    N/A
 Summon Small Mammal      Summ           #...         100%        1    N/A
 Blink                    Tloc           N/A          100%        2    N/A
 Call Imp                 Summ           #.....       100%        2    N/A
 Corpse Rot               Necr           N/A          100%        2    N/A
 Poisonous Vapours        Pois/Air       #.....       100%        2    N/A
 Searing Ray              Conj           #.......     100%        2    N/A
 Shock                    Conj/Air       #......      100%        2    N/A
 Swiftness                Chrm/Air       #.......     100%        2    N/A
 Beckoning                Tloc           #.........   100%        3    N/A
 Call Canine Familiar     Summ           #.......     100%        3    N/A
 Conjure Flame            Conj/Fire      #.......     100%        3    N/A
 Dazzling Orbs            Conj/Hex       ##.....      100%        3    N/A
 False Image              Hex/Summ       ##......     100%        3    N/A
 Inner Flame              Hex/Fire       N/A          100%        3    N/A
 Iskenderun's Mystic Bla  Conj           #.......     100%        3    N/A
 Mephitic Cloud           Conj/Pois/Air  #.......     100%        3    N/A
 Portal Projectile        Tloc           #.....       100%        3    N/A
 Recall                   Summ/Tloc      N/A          100%        3    N/A
 Vampiric Draining        Necr           #.........   100%        3    N/A
 Agony                    Necr           #.......     100%        4    N/A
 Airstrike                Air            #.........   100%        4    N/A
 Animate Dead             Necr           N/A          100%        4    N/A
 Cause Fear               Hex            ###.......   100%        4    N/A
 Force Lance              Tloc           #.......     100%        4    N/A
 Fulminant Prism          Conj/Hex       ##........   100%        4    N/A
 Lightning Bolt           Conj/Air       #.......     100%        4    N/A
 Sticky Flame             Conj/Fire      #.......     100%        4    N/A
 Summon Ice Beast         Ice/Summ       #.......     100%        4    N/A
 Summon Scorpions         Summ/Pois      #.......     100%        4    N/A
 Yara's Violent Unravell  Hex/Tmut       ##........   100%        4    N/A
 Bolt of Draining         Conj/Necr      #.........   100%        5    N/A
 Bolt of Magma            Conj/Fire/Erth #.........   100%        5    N/A
 Dispel Undead            Necr           #.......     100%        5    N/A
 Fireball                 Conj/Fire      #.........   100%        5    N/A
 Freezing Cloud           Ice/Air        #.......     100%        5    N/A
 Irradiate                Conj/Tmut      #.........   100%        5    N/A
 Iskenderun's Battlesphe  Conj/Chrm      #.......     100%        5    N/A
 Piercing Shot            Chrm           #.........   100%        5    N/A
 Silence                  Hex/Air        ##........   100%        5    N/A
 Steam Barrier            Chrm/Fire      #.........   100%        5    N/A
 Summon Demon             Summ           #.........   100%        5    N/A
 Summon Forest            Summ/Tloc      #.........   100%        5    N/A
 Summon Lightning Spire   Summ/Air       #.......     100%        5    N/A
 Summon Mana Viper        Hex/Summ       ##......     100%        5    N/A
 Aura of Abjuration       Summ           #.........   100%        6    N/A
 Bolt of Fire             Conj/Fire      #.........   100%        6    N/A
 Borgnjor's Vile Clutch   Necr/Erth      #.........   100%        6    N/A
 Conjure Ball Lightning   Conj/Air       #.........   100%        6    N/A
 Death Channel            Chrm/Necr      #.........   100%        6    N/A
 Deflect Missiles         Chrm/Air       #.........   100%        6    N/A
 Dispersal                Tloc           #.........   100%        6    N/A
 Simulacrum               Ice/Necr       #.......     100%        6    N/A
 Controlled Blink         Tloc           #.......     100%        7    N/A
 Haunt                    Necr/Summ      #.........   100%        7    N/A
 Icicle Burst             Conj/Ice       #.........   100%        7    N/A
 Malign Gateway           Summ/Tloc      #.........   100%        7    N/A
 Monstrous Menagerie      Summ           #.........   100%        7    N/A
 Orb of Destruction       Conj           #.........   100%        7    N/A
 Shadow Creatures         Summ           N/A          100%        7    N/A
 Spellforged Servitor     Conj/Summ      #.........   100%        7    N/A
 Summon Fire Elementals   Fire/Summ      #........    100%        7    N/A
 Summon Greater Demon     Summ           #.........   100%        7    N/A
 Ignition                 Hex/Fire       ##........   100%        8    N/A
 Summon Horrible Things   Summ           #.........   100%        8    N/A
 Time Stop                Chrm/Tloc      N/A          100%        8    N/A
 Tornado                  Tloc/Air       #.........   100%        8    N/A
 Dragon's Call            Summ           #.........   100%        9    N/A
 Fire Storm               Fire           #.........   100%        9    N/A
 Shatter                  Erth           #.........   100%        9    N/A
 Sublimation of Blood     Necr           Unusable     N/A         2    N/A
 Spider Form              Tmut/Pois      Unusable     N/A         3    N/A
 Ice Form                 Ice/Tmut       Unusable     N/A         4    N/A
 Tree Form                Hex/Tmut       Unusable     N/A         4    N/A
 Statue Form              Tmut/Erth      Unusable     N/A         6    N/A
 Dragon Form              Tmut           Unusable     N/A         7    N/A
 Borgnjor's Revivificati  Necr           Unusable     N/A         8    N/A
 Necromutation            Tmut/Necr      Unusable     N/A         8    N/A

Dungeon Overview and Level Annotations

Branches:
Dungeon (12/12)            Temple (0/1) D:5            Lair (6/6) D:9
  Swamp (3/3) Lair:4       Shoals (3/3) Lair:3        Slime (0/5) Orc
    Orc (1/1) D:11            Elf (3/3) Lair:6       Vaults (3/3) D:12
  Crypt (2/2) Vaults:2       Tomb (0/3) Crypt:2      Depths (5/5) D:12
    Zot (5/5) Depths:5

Altars:
Cheibriados
Dithmenos
Gozag
Hepliaklqana
Kikubaaqudgha
Nemelex Xobeh
Trog
Vehumet
Xom
Jiyva

Shops:
D:4 *   D:7 [?%:   Orc }%*!   Elf:1 [%*   Shoals:1 [   Vaults:1 (   Vaults:2 [
Depths:1 %   Depths:2 [

Portals:
Hell: Depths:1 Depths:2 Depths:3 Depths:4 Depths:5
Abyss: Depths:2 Depths:4
Pandemonium: Depths:3
Ziggurat: Depths:1

Annotations:
Lair:3 exclusion: 3 oklob plants
Vaults:2 3 runed translucent doors
Depths:5 2 runed doors
Zot:3 1 transporter


Innate Abilities, Weirdness & Mutations

You do not eat or drink.
Your flesh is vulnerable to fire.
You are immune to poison.
You possess an exceptional clarity of mind.
Your flesh is cold resistant. (rC+)
You are immune to negative energy. (rN+++)
You are immune to unholy pain and torment.
You can survive without breathing.
Your hexes are more powerful.


Message History

You climb upwards.
There is a stone staircase leading down here.
(D) Dungeon (T) Temple (L) Lair (S) Swamp (A) Shoals (M) Slime Pits (O) Orcish Mines (E) Elven Halls (V) Vaults (C) Crypt (W) Tomb (U) Depths (H) Hell (Z) Zot
Where to? (Enter - D:1 @ (x,y), ? - help)
What level of the Dungeon? (default 1, ? - help) 3 hell hogs come into view.
You pummel the hell hog!!
The hell hog is heavily wounded.
You squash the hell hog like an ant!!!
You kill the hell hog!
The Council accepts your kill.
A hell hog comes into view.
The hell hog breathes fire at you.
The fireball explodes!
You resist. The fireball engulfs you!
The fireball engulfs the hell hog!
The hell hog resists.
The fireball engulfs the hell hog!
The hell hog resists.
You closely miss the hell hog.
The hell hog is lightly wounded.
Your shield and plate armour "Bemo Uca" prevent you from hitting the hell hog.
The hell hog is lightly wounded.
You block the hell hog's attack.
GONNNNG!
The hell hog breathes fire at you.
The fireball explodes!
The fireball engulfs the hell hog!
The hell hog resists.
You resist. The fireball engulfs you. You block the hell hog's attack.
GONNNNG!
You pummel the hell hog!!
The hell hog is severely wounded.
The hell hog breathes fire at you.
The fireball explodes!
You resist. The fireball engulfs you!
The fireball engulfs the hell hog.
The hell hog completely resists.
The fireball engulfs the hell hog!
The hell hog resists.
You block the hell hog's attack.
PTOANNNG!
You pummel the hell hog!!
You kill the hell hog!
The Council accepts your kill. You block the hell hog's attack.
BONNNG!
Your life force feels restored.
You spin and attack the hell hog repeatedly.
You closely miss the hell hog.
The hell hog is lightly wounded.
You pummel the hell hog like a punching bag!!!
The hell hog is severely wounded.
You block the hell hog's attack.
GONNNNG!
You spin and attack the hell hog repeatedly.
You pummel the hell hog!!
You kill the hell hog!
The Council accepts your kill.
You pummel the hell hog!!
The hell hog is heavily wounded.
The hell hog breathes fire at you.
The fireball explodes!
The fireball engulfs you but does no damage.
The fireball engulfs the hell hog.
The hell hog resists.
You hit the hell hog.
The hell hog is severely wounded.
You block the hell hog's attack.
GONNNNG!
You pummel the hell hog!!
You kill the hell hog!
The Council accepts your kill.
You see here a hell hog corpse.
(D) Dungeon (T) Temple (L) Lair (S) Swamp (A) Shoals (M) Slime Pits (O) Orcish Mines (E) Elven Halls (V) Vaults (C) Crypt (W) Tomb (U) Depths (H) Hell (Z) Zot
Where to? (Enter - D:1 @ (x,y), ? - help)
What level of the Dungeon? (default 1, ? - help)
You see here a hell hog corpse.
HP restored.
Magic restored.
There is a stone staircase leading up here.
You climb upwards.
There is a stone staircase leading down here.
You see here a +0 robe.
There is a stone staircase leading up here.
You climb upwards.
There is a stone staircase leading down here.
There is a stone staircase leading up here.
You climb upwards.
There is a stone staircase leading down here.
A reaper, an infernal demonspawn and a warmonger come into view.
The reaper is wielding a +2 scythe of freezing.
The infernal demonspawn shouts!
The monstrous warmonger wields a +1 arbalest of flaming.
It bursts into flame!
The monstrous warmonger shoots a bolt.
SHROANNG!
You block the bolt.
There is an open door here.
You enter the shallow water.
Moving in this stuff is going to be slow.
There is a staircase leading out of the dungeon here.
Enter note: 100 The power of the Orb breaks the dimensional shunt like a soap bubble!
You have escaped!

#........# #......# #.
#....2...# #......# ##
#####.#### #......###.
#####.## #..........
#......# #.####.....
#.####.# #..........
#.####6#### #........!.
#.#≈≈≈≈≈≈≈# #..........
#.#≈#≈@≈#≈# #..........
#.#≈#≈###≈###..........
#.#≈≈≈≈≈≈##............
#.#######≈#............
#.'..#≈≈≈##...........#
###.##≈##≈###..........
#....##.###..........
#######'#............
#...########.#+


You could see a reaper and an infernal demonspawn.

Vanquished Creatures
  Tiamat (Zot:2)
  3 juggernauts
  10 orbs of fire
  7 ancient liches
  Mara (Vaults:2)
  13 Killer Klowns
  Sojobo (Crypt:1)
  4 golden dragons
  Saint Roka (Elf:2)
  5 caustic shrikes (Depths:4)
  2 curse toes
  Frederick (Depths:4)
  Jory (Vaults:2)
  4 rockslimes
  2 bone dragons
  Nikola (Vaults:1)
  A Brimstone Fiend (Depths:4)
  6 electric golems
  4 Orb Demons
  18 tentacled monstrosities
  Frances (D:10)
  10 liches
  Rupert (Lair:5)
  A shard shrike zombie (Crypt:2)
  24 Orb Guardians (Zot:5)
  6 quicksilver dragons
  2 deep elf blademasters (Elf:3)
  3 titans
  A wendigo (Depths:4)
  8 death cobs
  2 deep elf master archers (Elf:3)
  3 ancient champions
  3 thorn hunters
  An Executioner (Depths:5)
  7 sphinxes
  4 shadow dragons
  8 tengu reavers
  10 draconian monks
  14 storm dragons
  Donald (Vaults:2)
  A shadow dragon (shapeshifter) (Vaults:3)
  5 ghouls
  10 draconian knights
  A revenant (Crypt:1)
  2 iron dragons
  10 frost giants
  3 war gargoyles
  8 fire giants
  9 deep elf sorcerers
  Louise (Shoals:3)
  3 cacodemons
  13 vault wardens
  2 draconian shifters
  An orc warlord (Vaults:3)
  4 draconian stormcallers
  24 stone giants
  8 deep elf elementalists
  6 draconian annihilators
  4 reapers (Crypt:1)
  17 very ugly things
  10 jiangshi
  4 draconian scorchers
  13 ironheart preservers
  An eye of devastation (Zot:4)
  11 green draconians
  The ghost of Rhok the Thaumaturge, a journeyman OnWz of Ashenzari (Lair:5)
  Nessos (Lair:4)
  12 vampire knights
  28 purple draconians
  A lorocyproca (Depths:1)
  9 deep elf demonologists
  2 spark wasps (Depths:4)
  12 yellow draconians
  9 deep elf annihilators
  12 deep elf death magi
  2 eidola
  10 black draconians
  An entropy weaver (Vaults:3)
  14 dire elephants
  3 minotaurs (Shoals:3)
  24 red draconians
  8 white draconians
  20 ettins
  A crystal guardian (Vaults:3)
  A blizzard demon (Depths:4)
  A merfolk javelineer (Shoals:3)
  A mummy priest (Crypt:2)
  3 merfolk impalers
  5 fire dragons
  Josephine (Lair:6)
  5 ice dragons
  7 deep elf high priests
  15 yaktaur captains
  3 rakshasas
  6 hydras
  Harold (Lair:2)
  7 great orbs of eyes
  A shadow wraith (Crypt:1)
  4 spriggan air magi
  2 shambling mangroves
  A hell beast (Depths:4)
  4 death knights
  33 vault guards
  2 ghost crabs (Swamp:3)
  A catoblepas (Lair:6)
  An anaconda (shapeshifter) (Depths:3)
  An anaconda (Lair:6)
  35 two-headed ogres
  8 alligators
  4 merfolk avatars
  6 tengu warriors
  5 merfolk aquamancers
  11 ogre magi
  30 dancing weapons
  3 orc high priests (Orc)
  13 satyrs
  A titan zombie (Crypt:2)
  12 death yaks
  8 sea snakes
  12 deep troll earth magi
  10 vampire magi
  14 deep troll shamans
  3 ironheart beastmasters
  3 spriggan berserkers
  4 hell hogs (D:4)
  4 soul eaters
  29 deep elf knights
  37 deep trolls
  3 goliath frogs
  3 storm dragon zombies (Crypt:2)
  A deep troll (shapeshifter) (Vaults:3)
  22 centaur warriors
  3 sixfirhies
  2 fire crabs
  9 skeletal warriors
  A storm dragon skeleton (Vaults:3)
  A hell knight (Depths:5)
  A golden dragon zombie (Crypt:1)
  2 death drakes
  5 iron trolls
  A spark wasp zombie (Crypt:2)
  4 flayed ghosts
  16 deep elf archers
  4 glowing orange brains
  6 spriggan druids
  16 phantasmal warriors
  A spectral hydra (Swamp:3)
  17 wizards
  8 cyclopes
  13 ironheart convokers
  A swamp dragon (Swamp:2)
  A lindwurm (Lair:3)
  A shadow dragon zombie (Depths:4)
  A naga mage (Vaults:1)
  9 necromancers
  8 harpies
  9 orc knights
  A frost giant zombie (Crypt:1)
  3 orc sorcerers (Orc)
  13 fauns
  A tengu skeleton (Vaults:3)
  An iron dragon zombie (Crypt:1)
  72 deep elf magi
  5 stone giant zombies
  44 ugly things
  A draconian (Zot:2)
  2 human zombies (Vaults:3)
  18 manticores
  2 salamanders (Depths:2)
  15 moths of wrath
  A fire giant skeleton (Vaults:3)
  19 will-o'-wisps
  7 black mambas
  A shock serpent zombie (Crypt:1)
  A black mamba (shapeshifter) (Depths:5)
  10 elephants
  A rust devil (Depths:4)
  A spriggan zombie (D:12)
  3 water nymphs
  A torpor snail (Lair:5)
  A cane toad (shapeshifter) (Vaults:2)
  4 merfolk sirens
  17 vault sentinels
  3 orange demons
  3 rime drakes
  An efreet (D:12)
  A tormentor (Depths:3)
  3 yaktaur zombies
  36 yaktaurs
  20 cane toads
  A kobold demonologist (D:10)
  2 rime drakes (shapeshifter)
  2 swamp worm zombies (Swamp:3)
  An eye of draining (shapeshifter) (Depths:1)
  4 tengu conjurers
  A komodo dragon (shapeshifter) (Vaults:2)
  2 flying skulls (Crypt:1)
  4 freezing wraiths
  8 trolls
  2 hellwings (Depths:3)
  A ghost moth simulacrum (Crypt:1)
  A dryad (D:9)
  11 komodo dragons
  A yaktaur (shapeshifter) (Vaults:2)
  A spark wasp simulacrum (Depths:4)
  6 guardian mummies (Crypt:2)
  An ice devil (Depths:3)
  6 hydra zombies
  A wind drake (shapeshifter) (Elf:3)
  A hornet (shapeshifter) (Depths:1)
  23 merfolk
  6 wind drakes
  2 queen bees (shapeshifter)
  A queen bee (Lair:3)
  16 tyrant leeches
  11 hornets
  31 blink frogs
  2 ettin zombies
  4 polar bears
  4 harpy skeletons
  21 dream sheep
  A fire dragon zombie (Crypt:1)
  A raiju (shapeshifter) (Vaults:3)
  22 slime creatures
  12 hippogriffs
  2 ice dragon zombies (Crypt:2)
  3 alligator zombies (Swamp:3)
  10 bog bodies
  A large abomination (Depths:5)
  A dream sheep (shapeshifter) (Vaults:3)
  8 snapping turtles
  A meliai zombie (D:9)
  5 spectral swamp dragons (Swamp:3)
  3 air elementals
  An ettin skeleton (Crypt:2)
  20 water elementals
  Sigmund (D:3)
  A spriggan (shapeshifter) (Depths:2)
  A shadow (D:12)
  6 wraiths
  4 wyverns
  12 spriggans
  A tarantella (Vaults:3)
  28 vampires
  2 fire elementals
  4 fire bats (Depths:2)
  17 humans (D:12)
  52 yaks
  3 human simulacra
  2 basilisks
  3 redbacks (Vaults:3)
  6 vampire mosquitoes
  5 hungry ghosts
  A warg (Orc)
  14 swamp worms
  A merfolk zombie (Crypt:1)
  A water nymph skeleton (Crypt:1)
  6 swamp drakes
  A floating eye (shapeshifter) (Vaults:3)
  12 water moccasins
  4 porcupines
  A hell hound (Depths:4)
  10 crocodiles
  A hornet zombie (D:12)
  A black bear (D:10)
  2 black bears (shapeshifter)
  3 ice beasts
  6 sky beasts
  35 orc warriors
  2 swamp dragon zombies (Swamp:3)
  A necrophage (Crypt:2)
  An ettin simulacrum (Vaults:3)
  29 ogres
  15 wolves
  3 phantoms (Swamp:3)
  A dream sheep zombie (Crypt:2)
  15 boggarts
  9 bullfrogs
  3 kobold brigands
  A rime drake skeleton (Crypt:2)
  A komodo dragon zombie (Crypt:2)
  2 earth elementals
  A wyvern zombie (Crypt:1)
  A warg zombie (Crypt:2)
  7 centaurs
  3 scorpions
  19 killer bees
  7 statues
  20 wights
  3 electric eels
  3 howler monkeys
  18 orc priests
  12 crimson imps
  2 bullfrog zombies
  5 hounds
  7 jellies
  20 orc wizards
  A bullfrog skeleton (D:9)
  A spectral swamp drake (Swamp:3)
  5 iguanas
  A human skeleton (Crypt:1)
  9 worker ants
  A worker ant (shapeshifter) (Vaults:3)
  A sky beast zombie (Crypt:2)
  A hound zombie (D:5)
  2 hound skeletons (D:6)
  Robin (D:2)
  A howler monkey skeleton (D:9)
  3 worker ant zombies
  12 adders
  A swamp drake zombie (Swamp:3)
  2 shadow imps
  A steam dragon skeleton (Crypt:1)
  4 oozes
  2 adder zombies
  An iguana skeleton (Crypt:1)
  3 adder skeletons
  3 worms
  3 dart slugs (D:4)
  8 leopard geckos
  64 orcs
  A ball python (D:1)
  4 bats
  A bat zombie (Crypt:1)
  2 giant cockroaches
  9 goblins
  4 hobgoblins
  A jackal (shapeshifter) (Depths:5)
  10 jackals
  5 quokkas
  8 frilled lizards
  A jackal skeleton (D:4)
  18 kobolds
  An orc skeleton (Crypt:2)
  A quokka skeleton (D:4)
  7 rats
  A briar patch (Swamp:2)
  4 plants (Lair:6)
  2 snaplasher vines (D:9)
2314 creatures vanquished.

Vanquished Creatures (collateral kills)
  A sea snake (Shoals:1)
1 creature vanquished.

Vanquished Creatures (others)
  An Orb Guardian (Zot:5)
  A quicksilver dragon (Zot:5)
  A draconian knight (Zot:5)
  A draconian stormcaller (Zot:1)
  An eye of devastation (Zot:4)
  A sea snake (Shoals:1)
  2 centaur warriors (Vaults:2)
  An ironheart convoker (Vaults:1)
  An ugly thing (Depths:1)
  2 moths of wrath (Zot:5)
  3 yaktaurs
  2 merfolk
  3 boggarts (Swamp:3)
  6 briar patches (Swamp:1)
  2 bushes
  15 fungi
  29 plants
72 creatures vanquished.

Grand Total: 2387 creatures vanquished

Notes
Turn   | Place    | Note
-------+----------+-------------------------------------------
     0 | D:1      | Artagas the Mummy Martial Artist began the quest for the
                  | Orb.
     0 | D:1      | Reached XP level 1. HP: 18/18 MP: 2/2
   281 | D:1      | Reached XP level 2. HP: 16/24 MP: 0/4
   553 | D:1      | Reached ** piety under Wu Jian
   957 | D:2      | Reached XP level 3. HP: 30/30 MP: 3/5
  1153 | D:2      | Noticed Robin
  1264 | D:2      | Killed Robin
  1265 | D:2      | Reached skill level 4 in Fighting
  1425 | D:2      | Reached skill level 4 in Unarmed Combat
  1460 | D:2      | Reached XP level 4. HP: 37/37 MP: 6/6
  2296 | D:3      | Found a hazy altar of Hepliaklqana.
  2297 | D:3      | Found a shimmering altar of Xom.
  2298 | D:3      | Noticed a spectral ugly thing
  2355 | D:3      | Reached *** piety under Wu Jian
  2408 | D:3      | Found an ancient bone altar of Kikubaaqudgha.
  2480 | D:3      | Found an opulent altar of Gozag.
  2763 | D:3      | Reached XP level 5. HP: 41/43 MP: 5/7
  2897 | D:3      | Noticed Sigmund
  3109 | D:4      | Found Oluumaez's General Store.
  3109 | D:4      | Noticed an ogre
  3138 | D:3      | Reached skill level 2 in Spellcasting
  3225 | D:3      | Killed an ogre
  3225 | D:3      | Reached skill level 5 in Fighting
  3225 | D:3      | Reached skill level 2 in Hexes
  3225 | D:3      | Reached XP level 6. HP: 18/51 MP: 6/9
  3358 | D:4      | Bought a scroll of identify for 24 gold pieces
  3447 | D:4      | Got a scorched hand axe
  3624 | D:4      | Reached skill level 1 in Armour
  3652 | D:4      | Reached skill level 5 in Unarmed Combat
  3735 | D:4      | Reached skill level 2 in Armour
  4113 | D:4      | Reached XP level 7. HP: 56/56 MP: 8/10
  4196 | D:4      | Found a sparkling altar of Nemelex Xobeh.
  4911 | D:4      | Reached skill level 6 in Unarmed Combat
  5016 | D:4      | Got a coiled lead ring
  5017 | D:4      | Identified the ring "Fogud" {Fire rPois rN+ Slay-4} (You
                  | found it on level 4 of the Dungeon)
  5063 | D:4      | Reached **** piety under Wu Jian
  5105 | D:4      | Reached skill level 6 in Fighting
  5528 | D:5      | Entered Level 5 of the Dungeon
  5694 | D:5      | Reached XP level 8. HP: 51/64 MP: 7/11
  6145 | D:5      | Found a blossoming altar of Fedhas.
  6198 | D:5      | Reached skill level 7 in Unarmed Combat
  6374 | D:5      | Reached skill level 3 in Hexes
  6432 | D:5      | Found a staircase to the Ecumenical Temple.
  6543 | D:4      | Bought a wand of iceblast (9) for 180 gold pieces
  6877 | D:6      | Reached skill level 1 in Evocations
  6980 | D:5      | Reached skill level 3 in Armour
  7088 | D:6      | Reached skill level 2 in Evocations
  7108 | D:6      | Reached skill level 3 in Evocations
  7424 | D:6      | Noticed a hippogriff
  7430 | D:6      | Killed a hippogriff
  7431 | D:6      | Reached skill level 7 in Fighting
  7575 | D:6      | Reached skill level 3 in Dodging
  7575 | D:6      | Reached XP level 9. HP: 72/72 MP: 10/12
  8317 | D:7      | Found Ymeot's Magic Scroll Emporium.
  8338 | D:7      | Found Balidgh's Antique Armour Shoppe.
  8339 | D:7      | Bought a scroll of teleportation for 30 gold pieces
  8339 | D:7      | Bought a scroll of teleportation for 30 gold pieces
  8345 | D:7      | Bought a scroll of identify for 20 gold pieces
  8345 | D:7      | Bought a scroll of identify for 20 gold pieces
  8448 | D:7      | Reached skill level 8 in Unarmed Combat
  8462 | D:7      | Found Yris Ifo's Food Emporium.
  8941 | D:7      | Reached ***** piety under Wu Jian
  9026 | D:7      | Found Utiah's Book Boutique.
  9031 | D:7      | Found an opulent altar of Gozag.
  9377 | D:7      | Bought a pair of embroidered boots for 142 gold pieces
  9602 | D:8      | Reached skill level 9 in Unarmed Combat
  9632 | D:8      | Found a snail-covered altar of Cheibriados.
  9675 | D:8      | Noticed a green ugly thing
  9765 | D:7      | Killed a green ugly thing
  9766 | D:7      | Reached skill level 8 in Fighting
  9875 | D:8      | Reached XP level 10. HP: 77/80 MP: 13/13
  9954 | D:8      | Reached skill level 10 in Unarmed Combat
 10485 | D:9      | Reached skill level 9 in Fighting
 10611 | D:9      | Noticed an elephant
 10626 | D:9      | Killed an elephant
 10716 | D:9      | Found a staircase to the Lair.
 10942 | D:9      | Found a shadowy altar of Dithmenos.
 11245 | D:9      | Found a glowing golden altar of the Shining One.
 11695 | D:9      | Reached skill level 4 in Armour
 11695 | D:9      | Reached skill level 4 in Dodging
 11695 | D:9      | Reached skill level 4 in Evocations
 11790 | Lair:1   | Entered Level 1 of the Lair of Beasts
 11868 | Lair:1   | Noticed a cane toad
 11873 | Lair:1   | Killed a cane toad
 11951 | Lair:1   | Reached XP level 11. HP: 55/89 MP: 12/14
 12263 | Lair:1   | Reached skill level 11 in Unarmed Combat
 12423 | Lair:1   | Reached skill level 4 in Hexes
 12535 | Lair:1   | Noticed a six-headed hydra
 12540 | Lair:1   | Killed a six-headed hydra
 12590 | Lair:1   | Reached skill level 10 in Fighting
 12797 | D:7      | Bought a pair of glowing gloves for 142 gold pieces
 13079 | Lair:1   | Reached skill level 12 in Unarmed Combat
 13385 | Lair:2   | Noticed an eight-headed hydra
 13398 | Lair:2   | Killed an eight-headed hydra
 13424 | Lair:2   | Reached skill level 11 in Fighting
 13424 | Lair:2   | Reached XP level 12. HP: 80/100 MP: 15/15
 13912 | Lair:2   | Identified the +3 hand axe of Dim Light {speed, Int+6
                  | Dex+2} (You found it on level 4 of the Dungeon)
 13988 | Lair:1   | Reached skill level 5 in Armour
 13988 | Lair:1   | Reached skill level 5 in Dodging
 14125 | Lair:2   | Noticed Harold
 14135 | Lair:2   | Killed Harold
 15051 | Lair:3   | Noticed a seven-headed hydra
 15058 | Lair:3   | Killed a seven-headed hydra
 15064 | Lair:3   | Reached skill level 12 in Fighting
 15287 | Lair:3   | Reached skill level 13 in Unarmed Combat
 15384 | Lair:3   | Found a staircase to the Shoals.
 15916 | Lair:4   | Noticed Nessos
 15930 | Lair:4   | Killed Nessos
 15931 | Lair:4   | Reached XP level 13. HP: 108/108 MP: 16/16
 16190 | Lair:4   | Reached skill level 5 in Evocations
 16193 | Lair:4   | Reached skill level 6 in Armour
 16201 | Lair:4   | Found a staircase to the Swamp.
 16210 | Lair:4   | Reached skill level 6 in Dodging
 16922 | Lair:5   | Noticed Rupert
 16931 | Lair:5   | Killed Rupert
 17251 | Lair:5   | Reached skill level 14 in Unarmed Combat
 17304 | Lair:5   | Found a runed translucent door.
 17304 | Lair:5   | Noticed Rhok's ghost (journeyman OnWz)
 17330 | Lair:5   | Got a transparent wooden ring
 17729 | Lair:6   | Entered Level 6 of the Lair of Beasts
 17761 | Lair:6   | Reached skill level 13 in Fighting
 17762 | Lair:6   | Noticed Josephine
 17766 | Lair:6   | Killed Josephine
 17807 | Lair:6   | Reached ****** piety under Wu Jian
 18010 | Lair:6   | Reached XP level 14. HP: 90/118 MP: 15/17
 18255 | Lair:6   | Reached skill level 7 in Armour
 18255 | Lair:6   | Reached skill level 7 in Dodging
 18404 | Lair:6   | Found a staircase to the Elven Halls.
 18422 | Lair:6   | Learned a level 2 spell: Shackle
 18424 | Lair:6   | Learned a level 1 spell: Corona
 18913 | Lair:6   | Identified the ring "Cevvaira" {Ice rPois} (You found it on
                  | level 5 of the Lair of Beasts)
 19216 | Lair:6   | Reached skill level 5 in Hexes
 19873 | D:10     | Entered Level 10 of the Dungeon
 20196 | D:10     | Found a runed door.
 20246 | D:10     | Noticed a fire giant
 20252 | D:10     | Killed a fire giant
 20291 | D:10     | Noticed a frost giant
 20308 | D:10     | Killed a frost giant
 20704 | D:10     | Noticed Frances
 20718 | D:10     | Killed Frances
 21045 | D:11     | Reached skill level 14 in Fighting
 21350 | D:11     | Reached skill level 15 in Unarmed Combat
 21794 | D:11     | Identified the +5 broad axe of Beogh's Brutal Revenge
                  | {vamp, rC+ Int+2}
 21799 | D:11     | Found a staircase to the Orcish Mines.
 22039 | D:11     | Found a shimmering altar of Xom.
 22056 | D:11     | Identified a scroll of acquirement
 22234 | D:7      | Bought a spiked scarf for 190 gold pieces
 22244 | D:7      | Identified the scarf of the Sneaky Tales {+Inv, rF- rC++
                  | Str+6} (You bought it in a shop on level 7 of the Dungeon)
 22370 | D:12     | Entered Level 12 of the Dungeon
 22423 | D:12     | Found a bloodstained altar of Trog.
 22549 | D:12     | Reached skill level 6 in Evocations
 22552 | D:12     | Found a staircase to the Depths.
 22562 | D:12     | Reached XP level 15. HP: 93/126 MP: 19/19
 22675 | D:12     | Reached skill level 7 in Evocations
 22844 | D:12     | Reached skill level 8 in Evocations
 22997 | D:12     | Reached skill level 9 in Evocations
 23002 | D:12     | Found a gate to the Vaults.
 23868 | Orc      | Entered the Orcish Mines
 24034 | Orc      | Found Mitwoefa's Gadget Boutique.
 24034 | Orc      | Found Synascho's Food Emporium.
 24041 | Orc      | Found Tiyrch's Distillery.
 24041 | Orc      | Found Agytumod's General Store.
 24262 | Orc      | Found a viscous altar of Jiyva.
 24263 | Orc      | Found a staircase to the Slime Pits.
 24264 | Orc      | Found a viscous altar of Jiyva.
 24778 | Swamp:1  | Entered Level 1 of the Swamp
 24830 | Swamp:1  | Reached skill level 15 in Fighting
 25092 | Swamp:1  | Identified the Tome of Space
 25099 | Swamp:1  | Noticed a thorn hunter
 25232 | Swamp:1  | Killed a thorn hunter
 25710 | Swamp:1  | Reached skill level 16 in Unarmed Combat
 25736 | Swamp:1  | Identified the cursed ring of Qunounim {Ice +Blink}
 26749 | Swamp:2  | Reached XP level 16. HP: 23/136 MP: 22/22
 26752 | Swamp:2  | Noticed a thorn hunter
 27030 | Swamp:2  | Noticed a thorn hunter
 27037 | Swamp:2  | Killed a thorn hunter
 27119 | Swamp:2  | Reached skill level 8 in Dodging
 27129 | Swamp:2  | Reached skill level 8 in Armour
 27206 | Swamp:2  | Killed a thorn hunter
 27472 | Swamp:2  | Identified Ysydirru's Handbook of Creative Shape Shifting
 27523 | Swamp:2  | Reached skill level 10 in Evocations
 28240 | Shoals:1 | Entered Level 1 of the Shoals
 28360 | Shoals:1 | Found a transporter.
 28448 | Shoals:1 | Found Guhifuir's Armour Shoppe.
 30410 | D:7      | Bought 3 scrolls of acquirement for 1560 gold pieces
 30410 | D:7      | Identified the ring of Masheocwe {rElec Str+4 SInv} (You
                  | acquired it on level 7 of the Dungeon)
 30410 | D:7      | Identified a +2 pair of boots of running (You acquired it
                  | on level 7 of the Dungeon)
 30424 | D:7      | Identified the ring "Toka" {+Fly Str+5 Dex-3} (You acquired
                  | it on level 7 of the Dungeon)
 30429 | D:7      | Identified the +0 longbow "Ivoplam" {seek, rElec MR+ Str-5}
                  | (You acquired it on level 7 of the Dungeon)
 30429 | D:7      | Identified the +1 cloak of Toothy Creativity {rElec Int+4}
                  | (You acquired it on level 7 of the Dungeon)
 30429 | D:7      | Identified Sif Muna's Compendium of Mutagenic Talismans
                  | (You acquired it on level 7 of the Dungeon)
 30619 | Vaults:1 | Entered Level 1 of the Vaults
 30757 | Vaults:1 | Reached skill level 16 in Fighting
 31427 | Shoals:2 | Reached skill level 17 in Unarmed Combat
 31920 | Shoals:3 | Entered Level 3 of the Shoals
 31991 | Shoals:3 | Reached XP level 17. HP: 93/144 MP: 24/24
 32111 | Shoals:3 | Reached skill level 11 in Evocations
 32429 | Shoals:3 | Reached skill level 9 in Armour
 32459 | Shoals:3 | Noticed Louise
 32905 | Shoals:3 | Killed Louise
 36469 | Shoals:3 | Got a barnacled rune of Zot
 36963 | Swamp:3  | Entered Level 3 of the Swamp
 37423 | Swamp:3  | Identified the +0 triple sword of Gallantry {slice, +Rage
                  | Int+4 Dex-4} (You acquired it on level 3 of the Swamp)
 37423 | Swamp:3  | Identified the +0 pair of gloves of the Lion {Str+5 Int+2
                  | Dex+8} (You acquired it on level 3 of the Swamp)
 37423 | Swamp:3  | Identified the amulet of Kiwk {Spirit rC+ MR++ Slay+3} (You
                  | acquired it on level 3 of the Swamp)
 38165 | Swamp:3  | Reached skill level 17 in Fighting
 38485 | Swamp:3  | Found the +6 Hendrick's axe {distort, *noise, +Frenzy
                  | Dex+6}
 39351 | Swamp:3  | Noticed a bone dragon
 39362 | Swamp:3  | Killed a bone dragon
 39363 | Swamp:3  | Reached skill level 18 in Unarmed Combat
 39413 | Swamp:3  | Got a decaying rune of Zot
 39766 | Lair:6   | Reached XP level 18. HP: 151/153 MP: 24/26
 40194 | Elf:1    | Entered Level 1 of the Elven Halls
 40455 | Elf:1    | Reached skill level 18 in Fighting
 40773 | Elf:1    | Found Matimer's General Store.
 40884 | Elf:1    | Found Yfraucw's Armour Boutique.
 41427 | Elf:1    | Found Wiyck's Food Boutique.
 41749 | Elf:2    | Reached skill level 10 in Armour
 42050 | Elf:2    | Found a runed gate.
 42051 | Elf:2    | Found a runed gate.
 42051 | Elf:2    | Found a runed gate.
 42652 | Elf:2    | Noticed a Shadow Fiend
 43251 | Vaults:1 | Reached skill level 19 in Fighting
 43857 | Vaults:1 | Reached XP level 19. HP: 100/166 MP: 18/27
 43965 | Vaults:1 | Noticed Nikola
 43972 | Vaults:1 | Killed Nikola
 44227 | Vaults:1 | Reached skill level 19 in Unarmed Combat
 45014 | Vaults:1 | Reached skill level 11 in Armour
 45142 | Vaults:1 | Found Liyf's Antique Weapon Boutique.
 45182 | Vaults:1 | Reached skill level 1 in Shields
 45215 | Vaults:1 | Found a radiant altar of Vehumet.
 45223 | Vaults:1 | Reached skill level 2 in Shields
 45229 | Vaults:1 | Identified the +1 hat "Besus" {rPois rC+}
 45269 | Vaults:1 | Identified the cursed +1 robe of Fortitude {Str+2 Stlth+
                  | Archmagi}
 45644 | Shoals:1 | Bought the +14 plate armour "Bemo Uca" {rElec rF+ Str-3}
                  | for 1791 gold pieces
 45731 | Shoals:1 | Reached skill level 3 in Shields
 45787 | Shoals:1 | Identified the ring of the Saving King {Fire rPois rN+
                  | Dex+2} (You acquired it on level 1 of the Shoals)
 45795 | Shoals:1 | Found a transporter.
 46089 | Orc      | Bought a wand of clouds (3) for 120 gold pieces
 46089 | Orc      | Bought a wand of acid (8) for 180 gold pieces
 46231 | Vaults:2 | Noticed Mara
 46233 | Vaults:2 | Noticed Artagas's illusion
 46236 | Vaults:2 | Killed Mara
 46236 | Vaults:2 | Reached skill level 4 in Shields
 46253 | Vaults:2 | Reached skill level 5 in Shields
 46303 | Vaults:2 | Noticed Donald
 46312 | Vaults:2 | Reached skill level 6 in Shields
 46312 | Vaults:2 | Killed Donald
 46553 | Vaults:2 | Reached skill level 7 in Shields
 46738 | Vaults:2 | Reached skill level 8 in Shields
 46740 | Vaults:2 | Reached XP level 20. HP: 95/174 MP: 22/28
 46973 | Vaults:2 | Found a staircase to the Crypt.
 47033 | Vaults:2 | Reached skill level 9 in Shields
 47103 | Vaults:2 | Found a roughly hewn altar of Beogh.
 47792 | Vaults:2 | Found a runed translucent gate.
 47792 | Vaults:2 | Found a runed translucent gate.
 47793 | Vaults:2 | Found a runed translucent gate.
 47944 | Vaults:2 | Identified the +1 pair of boots of Purpose {MR+ Str+5
                  | Int-4}
 48209 | Vaults:2 | Noticed Jory
 48224 | Vaults:2 | Killed Jory
 48224 | Vaults:2 | Reached skill level 10 in Shields
 48324 | Vaults:2 | Found Iggoom's Antique Armour Boutique.
 48713 | Vaults:2 | Reached skill level 12 in Evocations
 49211 | D:3      | Killed Sigmund
 49525 | Lair:5   | Killed Rhok's ghost
 49823 | Crypt:1  | Entered Level 1 of the Crypt
 50223 | Crypt:1  | Noticed Sojobo
 50231 | Crypt:1  | Killed Sojobo
 50243 | Crypt:1  | Found a huge runed gate.
 50243 | Crypt:1  | Found a huge runed gate.
 50244 | Crypt:1  | Found a huge runed gate.
 50244 | Crypt:1  | Found a huge runed gate.
 50262 | Crypt:1  | Reached skill level 20 in Fighting
 50813 | Crypt:1  | Identified the amulet "Egiy" {Spirit rElec} (You acquired
                  | it on level 1 of the Crypt)
 51182 | Crypt:2  | Entered Level 2 of the Crypt
 51376 | Crypt:2  | Found a staircase to the Tomb.
 51430 | Crypt:2  | Reached XP level 21. HP: 181/183 MP: 30/30
 51459 | Crypt:2  | Reached skill level 12 in Armour
 51459 | Crypt:2  | Reached skill level 9 in Dodging
 51692 | Crypt:2  | Reached skill level 10 in Dodging
 51774 | Crypt:2  | Identified the cursed ring "Xyfah" {rF+ Stlth--}
 52115 | Crypt:2  | Identified the cursed +0 hunting sling of Eternal Vigilance
                  | {flame, rPois Str-2 Int+4 Dex+2}
 52122 | Crypt:2  | Reached skill level 11 in Dodging
 52136 | Crypt:2  | Reached skill level 12 in Dodging
 52155 | Crypt:2  | Identified the Volume of Black Arts
 52164 | Crypt:2  | Identified the +3 plate armour of a bailey {MR+ Str+3
                  | Dex+4}
 52209 | Crypt:2  | Identified the +6 hunting sling "Arust" {speed, rElec rC+++
                  | Str-4 SInv}
 52345 | Crypt:2  | Reached skill level 13 in Dodging
 52743 | Crypt:2  | Identified the +5 quarterstaff of Obsession {vamp, Stlth+}
 52841 | Crypt:2  | Identified the ring "Imau" {rC++ rN+ MR+ Str-3 Int+2}
 52841 | Crypt:2  | Identified the ring of the Blind Eye {rC+ rN+ MP+9}
 52841 | Crypt:2  | Identified the ring "Cuclix" {rElec rF- rN+ Dex+2}
 53343 | D:7      | Bought a manual of Dodging for 1214 gold pieces
 53602 | Elf:1    | Bought a scroll of fear for 75 gold pieces
 53809 | Elf:2    | Noticed Saint Roka
 53814 | Elf:2    | Killed Saint Roka
 54182 | Elf:3    | Entered Level 3 of the Elven Halls
 54198 | Elf:3    | Reached skill level 11 in Shields
 54228 | Elf:3    | Reached skill level 14 in Dodging
 54698 | Elf:3    | Reached skill level 15 in Dodging
 54720 | Elf:3    | Reached XP level 22. HP: 153/190 MP: 29/31
 54791 | Elf:3    | Reached skill level 16 in Dodging
 54950 | Elf:3    | Identified the +4 great mace "Ogreslayer" {freeze, *Corrode
                  | +Rage Int+6 Stlth+}
 55010 | Elf:3    | Found an ancient bone altar of Kikubaaqudgha.
 55206 | Elf:3    | Identified the cursed +3 morningstar of a treasure trove
                  | {crush, *Slow rC++ MR+++}
 55587 | Elf:3    | Identified the cursed +0 hat "Zuezol" {Regen+ SInv}
 55589 | Elf:3    | Identified the cursed -2 cloak "Doton" {rN+}
 56372 | Depths:1 | Entered Level 1 of the Depths
 56425 | Depths:1 | Reached skill level 21 in Fighting
 56426 | Depths:1 | Found a gateway to a ziggurat.
 56464 | Depths:1 | Found the +18 shield of the Gong {rElec rN+ MR+ EV-5}
 56924 | Depths:1 | Found Jiunoet's Food Boutique.
 57035 | Depths:1 | Found a gateway to Hell.
 57555 | Depths:2 | Reached skill level 13 in Armour
 57712 | Depths:2 | Found a one-way gate to the infinite horrors of the Abyss.
 57726 | Depths:2 | Identified the ring "Exzerul" {Ice rElec rPois Int-2}
 57792 | Depths:2 | Found a magical portal.
 57818 | WizLab   | Entered Iskenderun's Mystic Tower
 57904 | WizLab   | Reached XP level 23. HP: 202/202 MP: 32/32
 58384 | WizLab   | Reached skill level 22 in Fighting
 58596 | WizLab   | Identified Iskenderun's Handbook of Battle Magic
 58596 | WizLab   | Identified Iskenderun's Catalogue of Conjuration
 58790 | Depths:2 | Found Otaetu's Antique Armour Boutique.
 59542 | Depths:3 | Reached skill level 20 in Unarmed Combat
 59566 | Depths:3 | Reached skill level 12 in Shields
 59573 | Depths:3 | Identified the ring of Coronong {rElec rC+ Str+2 Int+3
                  | Dex+4}
 60042 | Depths:3 | Noticed a juggernaut
 60057 | Depths:3 | Killed a juggernaut
 60058 | Depths:3 | Reached XP level 24. HP: 213/213 MP: 32/32
 60080 | Depths:3 | Found the +7 longbow "Piercer" {penet, EV-2}
 60095 | Depths:3 | Identified the +2 pair of gloves "Irot Donoah" {rN+ MR+
                  | Regen+ Slay-4 SInv}
 60738 | Depths:3 | Found a one-way gate leading to the halls of Pandemonium.
 60740 | Depths:3 | Reached skill level 23 in Fighting
 60799 | Depths:4 | Noticed a juggernaut
 60808 | Depths:4 | Killed a juggernaut
 60851 | Depths:4 | Noticed Frederick
 60855 | Depths:4 | Reached skill level 14 in Armour
 60862 | Depths:4 | Killed Frederick
 61543 | Depths:5 | Entered Level 5 of the Depths
 61577 | Depths:5 | Noticed a Killer Klown
 61590 | Depths:5 | Killed a Killer Klown
 61591 | Depths:5 | Reached skill level 21 in Unarmed Combat
 61604 | Depths:5 | Noticed a golden dragon
 61606 | Depths:5 | Killed a golden dragon
 61633 | Depths:5 | Found a runed door.
 61633 | Depths:5 | Found a runed door.
 61637 | Depths:5 | Found a runed door.
 61648 | Depths:5 | Reached XP level 25. HP: 204/223 MP: 30/32
 61763 | Depths:4 | Identified the +0 crystal plate armour "Zoedegan" {rF+ rC-
                  | Str+7} (You acquired it on level 4 of the Depths)
 61763 | Depths:4 | Identified the ring "Cynap" {*Corrode rPois rF+ Int+4
                  | Slay+3} (You acquired it on level 4 of the Depths)
 62294 | Depths:5 | Found a runed door.
 62296 | Depths:5 | Found a runed door.
 62296 | Depths:5 | Found a runed door.
 62358 | Depths:5 | Noticed a golden dragon
 62367 | Depths:5 | Killed a golden dragon
 62368 | Depths:5 | Reached skill level 24 in Fighting
 62394 | Depths:5 | Found a gate to the Realm of Zot.
 63346 | Orc      | Bought a scroll of silence for 105 gold pieces
 63348 | Orc      | Bought a wand of charming (7) for 80 gold pieces
 63348 | Orc      | Bought a wand of digging (8) for 180 gold pieces
 63348 | Orc      | Bought a wand of iceblast (8) for 135 gold pieces
 63348 | Orc      | Bought a wand of digging (8) for 180 gold pieces
 63505 | Vaults:3 | Entered Level 3 of the Vaults
 63530 | Vaults:3 | Identified the +9 spear of the Morning {drain, Str+6}
 63530 | Vaults:3 | Identified the ring of Wuphill {+Fly rF- Slay+2 SInv}
 63577 | Vaults:3 | Reached skill level 15 in Armour
 63634 | Vaults:3 | Reached skill level 16 in Armour
 63651 | Vaults:3 | Identified the +8 flail of Kaciott {flame, rC+ Dex+5}
 63667 | Vaults:3 | Reached skill level 13 in Shields
 63678 | Vaults:3 | Identified the +4 quarterstaff of Darkness {venom, +Fly
                  | rPois Int-4 Dex+3}
 63791 | Vaults:3 | Identified the +2 flail of Mabric {crush, rF+ rC+ Str+4}
 63938 | Vaults:3 | Identified the +9 hand crossbow "Gisiack" {flame, rN+}
 63982 | Vaults:3 | Identified the +2 chain mail "Foim" {+Blink rN+ Regen+}
 64103 | Vaults:3 | Identified the +8 short sword of the Saving Augurer
                  | {pierce, rF+}
 64114 | Vaults:3 | Got a silver rune of Zot
 64354 | Vaults:3 | Reached XP level 26. HP: 233/233 MP: 32/32
 64451 | Vaults:3 | Identified the +6 glaive "Acarinebane" {vamp, rPois Str+4
                  | Dex-4}
 64521 | Vaults:3 | Identified the +1 robe "Iseschasse" {rCorr Str+4 Int+4
                  | Archmagi}
 65073 | Zot:1    | Entered Level 1 of the Realm of Zot
 65108 | Zot:1    | Reached skill level 25 in Fighting
 65388 | Zot:1    | Identified the +8 plate armour of the Thistle {*Slow Int+7
                  | Dex+3}
 65460 | Zot:1    | Identified the +6 short sword of Evolution {antimagic, MR+
                  | Int+2}
 65802 | Zot:2    | Noticed a juggernaut
 65808 | Zot:2    | Noticed a Killer Klown
 65808 | Zot:2    | Noticed a Killer Klown
 65808 | Zot:2    | Noticed a Killer Klown
 65808 | Zot:2    | Noticed a Killer Klown
 65808 | Zot:2    | Noticed a Killer Klown
 65811 | Zot:2    | Noticed a Killer Klown
 65815 | Zot:2    | Killed a Killer Klown
 65815 | Zot:2    | Killed a juggernaut
 65816 | Zot:2    | Killed a Killer Klown
 65819 | Zot:2    | Killed a Killer Klown
 65821 | Zot:2    | Killed a Killer Klown
 65821 | Zot:2    | Killed a Killer Klown
 65821 | Zot:2    | Reached skill level 22 in Unarmed Combat
 65821 | Zot:2    | Killed a Killer Klown
 65841 | Zot:2    | Noticed an ancient lich
 65846 | Zot:1    | Reached skill level 14 in Shields
 65889 | Zot:2    | Killed an ancient lich
 65925 | Zot:2    | Identified the +4 dragonskin cloak
 65925 | Zot:2    | Noticed Tiamat
 65936 | Zot:2    | Killed Tiamat
 65936 | Zot:2    | Reached XP level 27. HP: 132/242 MP: 16/32
 67181 | Zot:3    | Noticed an orb of fire
 67189 | Zot:3    | Killed an orb of fire
 67192 | Zot:3    | Reached skill level 23 in Unarmed Combat
 67560 | Zot:3    | Noticed an orb of fire
 67625 | Zot:3    | Noticed an ancient lich
 67625 | Zot:3    | Noticed an orb of fire
 67627 | Zot:3    | Found a transporter.
 67638 | Zot:3    | Noticed an ancient lich
 67700 | Zot:3    | Found a radiant altar of Vehumet.
 68185 | Zot:4    | Reached skill level 26 in Fighting
 68202 | Zot:4    | Noticed an orb of fire
 68204 | Zot:4    | Killed an orb of fire
 68304 | Zot:4    | Identified the cursed amulet "Feras" {Inacc Str+4}
 68616 | Zot:5    | Entered Level 5 of the Realm of Zot
 68678 | Zot:5    | Noticed an orb of fire
 68680 | Zot:5    | Killed an orb of fire
 68684 | Zot:5    | Reached skill level 24 in Unarmed Combat
 68695 | Zot:5    | Noticed an ancient lich
 68701 | Zot:5    | Killed an ancient lich
 69170 | Zot:5    | Noticed an ancient lich
 69191 | Zot:5    | Killed an ancient lich
 69523 | Zot:5    | Noticed an orb of fire
 69617 | Zot:5    | Killed an orb of fire
 69828 | Zot:5    | Noticed an ancient lich
 69832 | Zot:5    | Killed an ancient lich
 69832 | Zot:5    | Reached skill level 25 in Unarmed Combat
 69835 | Zot:5    | Noticed an ancient lich
 69838 | Zot:5    | Noticed an orb of fire
 69840 | Zot:5    | Killed an orb of fire
 69840 | Zot:5    | Killed an ancient lich
 69845 | Zot:5    | Noticed an orb of fire
 69849 | Zot:5    | Killed an orb of fire
 69855 | Zot:5    | Noticed an orb of fire
 69856 | Zot:5    | Noticed an orb of fire
 69864 | Zot:5    | Killed an orb of fire
 69864 | Zot:5    | Killed an orb of fire
 69864 | Zot:5    | Reached skill level 26 in Unarmed Combat
 69875 | Zot:5    | Got the Orb of Zot
 69908 | Zot:5    | Noticed an ancient lich
 69912 | Zot:5    | Killed an ancient lich
 69912 | Zot:5    | Noticed an ancient lich
 69913 | Zot:5    | Noticed an orb of fire
 69914 | Zot:5    | Noticed an orb of fire
 69915 | Zot:5    | Killed an ancient lich
 69916 | Zot:5    | Killed an orb of fire
 69919 | Zot:5    | Killed an orb of fire
 70450 | D:1      | 100
 70451 | D:$      | Escaped with the Orb!

Skill      XL: |  1  2  3  4  5  6  7  8  9 10 11 12 13 14 15 16 17 18 19 20 21 22 23 24 25 26 27 |
---------------+----------------------------------------------------------------------------------+-----
Fighting       | 4 5 6 7 8 9 11 12 13 14 15 16 17 19 20 21 22 23 24 25 26 | 26.0
Unarmed Combat | 4 5 6 7 9 10 12 13 14 15 16 17 18 19 20 21 22 26 | 26.8
Spellcasting   | 2 |  2.0
Hexes          | 2 3 4 5 |  5.0
Armour         | 2 3 4 5 6 7 8 9 10 11 12 13 14 16 | 16.0
Evocations     | 3 4 5 6 9 10 11 12 | 12.0
Dodging        | 3 4 5 6 7 8 15 16 | 16.2
Shields        | 8 10 11 12 13 14 | 14.0
Stealth        | |  1.1

Action                   |  1- 3 |  4- 6 |  7- 9 | 10-12 | 13-15 | 16-18 | 19-21 | 22-24 | 25-27 || total
-------------------------+-------+-------+-------+-------+-------+-------+-------+-------+-------++-------
Melee: Unarmed           |   109 |   222 |   523 |   781 |  1497 |  1718 |  1705 |  1251 |  1431 ||  9237
       Punch             |       |     2 |    21 |    42 |   109 |   113 |    28 |       |       ||   315
 Fire: Blowgun           |       |       |       |       |       |     2 |       |       |       ||     2
Throw: Stone             |       |       |     9 |       |       |       |       |       |       ||     9
       Javelin           |       |       |       |    10 |     2 |    30 |     2 |   139 |     6 ||   189
       Tomahawk          |       |       |       |       |    10 |   101 |       |       |       ||   111
       Throwing net      |       |       |       |       |       |       |       |       |     1 ||     1
 Cast: Confusing Touch   |    18 |    28 |    50 |    52 |    48 |    43 |     5 |       |       ||   244
       Corona            |       |       |       |       |     6 |       |       |       |       ||     6
Invok: Heavenly Storm    |       |       |       |     4 |    12 |    24 |    17 |    12 |    11 ||    80
 Abil: Lunge             |    19 |    17 |    31 |    55 |    92 |   157 |   163 |   132 |   150 ||   816
       Whirlwind         |     7 |    52 |   135 |   251 |   595 |   646 |   772 |   678 |   703 ||  3839
       Serpent's Lash    |       |     2 |     4 |    11 |    36 |    50 |    31 |    29 |    41 ||   204
       Wall Jump         |       |       |       |       |     1 |     1 |    10 |     1 |     2 ||    15
Evoke: Wand              |       |       |       |     2 |     7 |     7 |     3 |     2 |     2 ||    23
       Lamp of fire      |       |       |       |     1 |     2 |     1 |     1 |       |       ||     5
       Phantom mirror    |       |       |       |       |     1 |       |       |       |       ||     1
       Phial of floods   |       |       |       |       |       |       |     2 |       |       ||     2
       Fan of gales      |       |       |       |       |       |       |       |       |     1 ||     1
  Use: Scroll            |       |     4 |     7 |     3 |    11 |    14 |     7 |     1 |     7 ||    54
 Stab: Confused          |     3 |     7 |    19 |    27 |    26 |    26 |     4 |     1 |       ||   113
       Sleeping          |     1 |     6 |     4 |     2 |       |       |       |       |       ||    13
       Distracted        |     1 |     1 |       |       |       |       |     2 |     1 |       ||     5
       Paralysed         |       |       |       |     6 |       |       |       |       |     4 ||    10
Armor: Robe              |     9 |     4 |       |       |       |       |       |       |       ||    13
       Scale mail        |       |    20 |   138 |   142 |   263 |   320 |    52 |       |       ||   935
       Leather armour    |       |    12 |       |       |       |       |       |       |       ||    12
       Plate armour      |       |       |       |       |       |       |   470 |   136 |   231 ||   837
Dodge: Dodged            |    46 |    82 |   159 |   294 |   449 |   651 |   365 |   116 |   107 ||  2269
Block: Other             |       |       |    34 |    66 |   124 |    83 |       |       |       ||   307
       Reflection        |       |       |       |       |     4 |     9 |    33 |    16 |       ||    62
       Medium shield     |       |       |       |       |       |       |   426 |   674 |   741 ||  1841

Levels and vault maps discovered:
D:1:      ncdulo_wetmaze, layout_basic
D:2:      layout_basic, chequers_arboretum, hangedman_decor_push, uniq_robin
D:3:      minmay_inner_zag, layout_rooms, regret_index_temple_of_mockery,
          lemuel_coloured_pillars_altar, gammafunk_temple_overflow_claw,
          dk_noncrumbling_3, grunt_gozag_breadcrumbs, uniq_sigmund
D:4:      layout_cave_pods, serial_shops, nicolae_shop_waterfront,
          nemelex_diamond_rough_becter
D:5:      layout_basic, fedhas_bush_and_centaur_altar, temple_doors_e,
          first_ration, minmay_misc_feat_ornament
D:6:      layout_loops_corners
D:7:      layout_basic, kennysheep_mini, serial_shops, shop, shop_fountains,
          nicolae_shop_crystal, shop_fountains
D:8:      layout_cave_pools, lemuel_doored_altar, the_bakery
D:9:      layout_long_grid, tso_oasis_becter, nicolae_dithmenos_shadow_blocks,
          bhauth_dryad_lair
D:10:     layout_stronghold, minivault_25, minivault_13, uniq_frances
D:11:     layout_long_grid, david_orc_2, minmay_misc_feat_four_crosses,
          minivault_5, tgw_xom
D:12:     gammafunk_depths_entry_grave, layout_irregular_city,
          grunt_vaults_entry_tiered, serial_park_square1
          [serial_park_minivault_5x5_3], trog_ov_bears_minmay
Lair:1:   layout_roguey
Lair:2:   layout_regular_city, grunt_megastairs_2, uniq_harold
Lair:3:   layout_loops_ring, elwin_shoals_entry_rocks, special_room
          [special_room_bee], hangedman_lair_generics_rect,
          infiniplex_staircase_pool_2, grunt_megastairs_1,
          minmay_lair_oklob_chamber
Lair:4:   layout_loops_ring, swamp_mist, infiniplex_staircase_pool, uniq_nessos
Lair:5:   layout_long_grid, serial_forest, infiniplex_forest_clump_small,
          infiniplex_forest_corner_1, infiniplex_forest_straight_4,
          infiniplex_forest_diagonal, gammafunk_ghost_grave,
          beast_lair_carwin_1, uniq_rupert
Lair:6:   due_jungle_book, layout_concentric_octagons, minivault_24,
          nicolae_lair_yak_garden, uniq_josephine
Swamp:1:  layout_basic_swamp, hangedman_swamp_blocks
Swamp:2:  layout_basic_swamp, evilmike_swamp_ruin_house_3, swamp_pool5
Swamp:3:  swamp_pestilence, layout_basic_swamp
Shoals:1: gammafunk_the_bubble [the_bubble_gammafunk_crates], layout_shoals,
          serial_shops, shop_statue
Shoals:2: layout_shoals
Shoals:3: shoals_end_hellmonk_lost_city, serial_shops, uniq_louise
Orc:      grunt_orc_tribal_feast, layout_caves, nicolae_slime_entry_slimehenge
Elf:1:    nicolae_elf_arrival_aired_out, layout_onion_city, serial_shops,
          nicolae_shop_trees, nicolae_shop_waterfront, shop_statue,
          hangedman_corner_corridor, nicolae_elf_m_pinch
Elf:2:    nicolae_elf_blades_crystal_corner, layout_geoelf_diagonals,
          uniq_saint_roka
Elf:3:    grunt_elf_hall_diamonds, layout_geoelf_castle, hex_tiny,
          david_defended_altar_elf
Vaults:1: nicolae_vaults_little_ls, v_misc_11, hangedman_vaults_impose,
          nicolae_vaults_rhombus_6, nicolae_vaults_windows_and_doors_thing,
          grunt_vaults_diagonal, v_misc_11, grunt_tower_of_power,
          vaults_dpeg_spiral, v_misc_32, vaults_room_semicircle,
          nicolae_vaults_big_angled_halls, v_rooms_5,
          vaults_room_stairs_pillars, vaults_room_grid,
          nicolae_vaults_network_star, layout_vaults_maze, serial_shops,
          nicolae_shop_overgrown_old_shop, uniq_nikola
Vaults:2: ploomutoo_gammafunk_vaults_ghost_potion_laboratory, v_misc_30,
          v_misc_8, v_misc_22, v_misc_24, nicolae_vaults_big_angled_halls,
          blue_anna_dwarven_crypt, v_misc_14, vaults_dpeg_doors,
          nicolae_vaults_little_squares_4, special_room_vaults
          [special_room_orc], vaults_mumra_chevron, nicolae_vaults_big_ls,
          vaults_room_ringed_pool, layout_vaults_omnibox, serial_shops,
          nicolae_shop_behind_doors, uniq_jory, uniq_mara, uniq_donald
Vaults:3: serial_shops
Crypt:1:  layout_catacombs, door_vault, uniq_sojobo
Crypt:2:  due_elkab, layout_chaotic_city, tomb_entry_shell_bobbens
Depths:1: layout_cave_shapes, enter_ziggurat_a, serial_sigils_hangedman_scar,
          pf_hell_entry_tar_spiral, minmay_misc_feat_tiny,
          dreamdust_wishing_well, minivault_10, minmay_misc_feat_more_columns,
          kennysheep_small_circle
Depths:2: kennysheep_bubbly, layout_cave_shapes, mu_enter_wizlab_1,
          kennysheep_cross_room, nicolae_abyss_entry_one_way_or_another,
          hell_entry, serial_shops, shop, hangedman_decor_riveting
Depths:3: giant_chief_lemuel, layout_cave_pools, corexii_hall_statues_x,
          pf_coc_iceberg, rand_demon_pan_entry_9, kennysheep_inner_square
Depths:4: hangedman_arrow_trap, layout_cave_pools, serial_sigils,
          serial_sigils_hangedman_leer, serial_sigils_hangedman_gnaw,
          serial_sigils_hangedman_writhe, serial_sigils_hangedman_etch,
          grunt_mini_vestibule, abyss_entry, uniq_frederick
Depths:5: evilmike_zot_entry_castle, layout_basic, minmay_misc_feat_roman,
          pf_dread_powers_of_hell, minmay_crystal_water
Zot:1:    layout_gridlike, hangedman_zot_gyre
Zot:2:    ebering_greatest_show_in_zot, layout_basic,
          regret_index_zot_stipple_split, uniq_tiamat
Zot:3:    gammafunk_sealed_library, layout_onion_interference,
          skrybe_zot_glass_3
Zot:4:    layout_onion_interference, nicolae_zot_crop_circle
Zot:5:    layout_twisted_circle

Table legend:
 A = Turns spent in this place as a percentage of turns spent in the entire game.
 B = Non-inter-level travel turns spent in this place as a percentage of non-inter-level travel turns spent in the entire game.
 C = Inter-level travel turns spent in this place as a percentage of turns spent in this place.
 D = Turns resting spent in this place as a percentage of non-inter-level travel turns spent in this place.
 E = Turns spent auto-exploring this place as a percentage of non-inter-level travel turns spent in this place.
 F = Non-inter-level travel turns spent in this place divided by the number of levels of this place that you've seen.
                   A       B       C       D       E      F
               +-------+-------+-------+-------+-------+----------------------
         Total | 100.0 | 100.0 |  12.2 |  26.9 |  49.2 | 1405.8
       Dungeon |  27.0 |  24.6 |  20.0 |  22.0 |  53.4 | 1267.2
          Lair |  13.9 |  12.9 |  18.0 |  15.2 |  63.2 | 1334.8
         Swamp |   8.6 |   9.1 |   6.4 |  42.7 |  36.4 | 1883.7
        Shoals |  11.0 |  12.2 |   2.6 |  62.1 |  16.1 | 2517.3
  Orcish Mines |   1.2 |   1.1 |  18.2 |  31.2 |  50.7 | 673.0
   Elven Halls |   7.3 |   7.6 |   8.0 |  23.8 |  55.4 | 1576.0
        Vaults |   9.6 |   9.9 |   9.6 |  23.6 |  50.9 | 2032.3
         Crypt |   4.7 |   5.2 |   2.2 |  19.1 |  50.7 | 1617.0
        Depths |   9.3 |   9.2 |  13.5 |   7.9 |  67.1 | 1137.2
           Zot |   6.3 |   6.7 |   6.4 |  19.5 |  59.1 | 833.8
        Wizlab |   1.2 |   1.4 |   0.0 |  40.3 |   2.1 | 848.0
               +-------+-------+-------+-------+-------+----------------------

Table legend:
 A = Kills in this place as a percentage of kills in entire the game.
 B = Kills by you in this place as a percentage of kills by you in the entire game.
 C = Kills by friends in this place as a percentage of kills by friends in the entire game.
 D = Other kills in this place as a percentage of other kills in the entire game.
 E = Experience gained in this place as a percentage of experience gained in the entire game.
 F = Experience gained in this place divided by the number of levels of this place that you have seen.
                   A       B       C       D       E      F
               +-------+-------+-------+-------+-------+----------------------
         Total | 100.0 | 100.0 | 100.0 | 100.0 | 100.0 | 44447.0
       Dungeon |  17.1 |  17.2 |   0.0 |   6.7 |   3.3 | 5299.2
          Lair |   9.9 |   9.9 |   0.0 |   6.7 |   3.9 | 12692.8
         Swamp |   6.4 |   6.4 |   0.0 |   0.0 |   3.4 | 21853.0
        Shoals |   6.9 |   6.8 | 100.0 |  20.0 |   4.4 | 28358.0
  Orcish Mines |   2.4 |   2.4 |   0.0 |   0.0 |   0.5 | 9440.0
   Elven Halls |   7.8 |   7.9 |   0.0 |   0.0 |   7.6 | 49522.7
        Vaults |  17.1 |  17.1 |   0.0 |  26.7 |  17.3 | 113084.0
         Crypt |   6.2 |   6.2 |   0.0 |   0.0 |   6.0 | 58717.0
        Depths |  15.1 |  15.1 |   0.0 |  13.3 |  21.0 | 82189.0
           Zot |   9.9 |   9.8 |   0.0 |  26.7 |  31.4 | 122966.4
        Wizlab |   1.1 |   1.1 |   0.0 |   0.0 |   1.3 | 24818.0
               +-------+-------+-------+-------+-------+----------------------
